 Dungeon Crawl Stone Soup version 0.31-a0-549-gf98fd537a9 (webtiles) character file.

Game seed: 17664235464068696828

95 AdnanSaban the Covered (level 4, -1/29 HPs)
             Began as a Gargoyle Fighter on Aug 16, 2023.
             Splashed by a jelly's acid (2 damage)
             ... in a sewer.
             The game lasted 00:02:00 (1697 turns).

AdnanSaban the Covered (Gargoyle Fighter)           Turns: 1697, Time: 00:02:01

Health: -1/29      AC: -5    Str: 21    XL:     4   Next: 65%
Magic:  4/4        EV:  9    Int:  9    God:
Gold:   31         SH:  4    Dex:  9    Spells: 3/3 levels left

rFire   . . .        a - +0 flail
rCold   . . .        c - +0 buckler
rNeg    + . .        b - +0 scale mail
rPois   ∞            (no helmet)
rElec   +            (no cloak)
rCorr   .            (no gloves)
SInv    .            (no boots)
Will    .....        (no amulet) Stlth
                     (no ring)
HPRegen 0.24/turn    (no ring)
MPRegen 0.09/turn

%: no passive effects
@: corroded
A: sickness immunity, AC +3, negative energy resistance 1, electricity
resistance, torment resistance 1, petrification resistance
a: no special abilities


You were in a sewer.
You visited 1 branch of the dungeon, and saw 3 of its levels.
You also visited: Sewer.

You collected 31 gold pieces.

Inventory:

Hand Weapons
 a - a +0 flail (weapon)
Armour
 b - a +0 scale mail (worn)
 c - a +0 buckler (worn)
Scrolls
 e - a scroll of amnesia {unknown}
 j - 2 scrolls of identify {unknown}
Potions
 d - a potion of might
 f - 2 potions of invisibility {unknown}
 g - a potion of brilliance {unknown}
 h - a potion of degeneration {unknown}
 i - a potion of berserk rage {unknown}
 k - 2 potions of resistance {unknown}
 l - a potion of magic {unknown}


   Skills:
 + Level 3.7 Fighting
 + Level 3.4 Maces & Flails
 + Level 3.9 Armour
 + Level 0.4 Dodging
 + Level 3.7 Shields


You had 3 spell levels left.
You didn't know any spells.
Your spell library was empty.

Dungeon Overview and Level Annotations

Branches:
Dungeon (3/15)              Sewer (1/1)

Altars:

Annotations:
D:2 Sigmund


Innate Abilities, Weirdness & Mutations

You are immune to sickness and miasma.
Your stone body is resilient. (AC +3)
You are immune to poison.
You resist negative energy. (rN+)
You are resistant to electric shocks. (rElec)
You are resistant to unholy torment.
You are immune to petrification.


Message History

Moving in this stuff is going to be slow.
You enter the shallow water.
Moving in this stuff is going to be slow.
You enter the shallow water.
Moving in this stuff is going to be slow.
Found a gate leading back out of this place.
No target in view!
No target in view!
No target in view!
j - 2 scrolls labelled IPOSUTHRUALO (gained 1)
You enter the shallow water.
Moving in this stuff is going to be slow.
You enter the shallow water.
Moving in this stuff is going to be slow.
f - 2 smoky yellow potions (gained 1)
l - a pink potion A jelly comes into view.
The jelly quivers.
A jelly is nearby!
An endoplasm comes into view.
Found a scroll labelled GAIQAM VY XOLI.
The endoplasm quivers.
You hit the jelly.
Your hands burn!
The jelly is lightly wounded.
The jelly hits you but does no damage.
You hit the jelly but do no damage. The acid corrodes you!
Your hands burn!
The jelly is lightly wounded.
The jelly hits you. The acid corrodes you!
You are splashed with acid.
You barely miss the jelly.
The jelly is lightly wounded.
The jelly hits you. The acid corrodes you!
You are splashed with acid!
* * * LOW HITPOINT WARNING * * *
You are too injured to fight recklessly!
You are too injured to fight recklessly!
You hit the jelly but do no damage. The acid corrodes you!
Your hands burn!
* * * LOW HITPOINT WARNING * * *
The jelly is lightly wounded.
The jelly closely misses you.
You hit the jelly.
Your hands burn!
You die...

#~~.##~..##~~~#
##~~##..~..##~~~~
##~~.##.~#~..#~...
#.~~~##.~##.## ~##
#.~.###.~.###
#.~.~###∩ ##.~~#
## ##.~## #.@.#
##.JJ# ##...~.
...~.~. ###...~
.~~. ..# ?#


You could see a jelly and an endoplasm.

Vanquished Creatures
  2 river rats (Sewer)
  2 dart slugs
  6 ball pythons
  2 bats (D:2)
  10 endoplasms
  7 giant cockroaches
  3 hobgoblins
  6 jackals
  4 quokkas (D:3)
  5 frilled lizards
  5 goblins
  4 kobolds
  9 rats
65 creatures vanquished.

Notes
Turn   | Place    | Note
-------+----------+-------------------------------------------
     0 | D:1      | AdnanSaban the Gargoyle Fighter began the quest for the
                  | Orb.
     0 | D:1      | Reached XP level 1. HP: 14/14 MP: 1/1
   148 | D:1      | Reached XP level 2. HP: 12/19 MP: 2/2
   456 | D:1      | Reached XP level 3. HP: 23/23 MP: 3/3
  1299 | D:2      | Noticed Sigmund
  1427 | D:3      | Found a glowing drain.
  1446 | Sewer    | Entered a sewer
  1477 | Sewer    | Reached XP level 4. HP: 29/29 MP: 4/4
  1696 | Sewer    | HP: 1/29 [acid (4)]
  1697 | Sewer    | Splashed by a jelly's acid

Illustrated notes

Levels and vault maps discovered:
D:1:      dpeg_arrival_solitude, layout_basic, minmay_misc_feat_tower,
          hangedman_decor_growths
D:2:      layout_basic, uniq_crazy_yiuf_cottage, uniq_sigmund
D:3:      layout_loops_ring, yredelemnul_altar_generic, fedhas_altar_3,
          gammafunk_ghost_split, gup_sewer_entry_pipe
Sewer:    sewer_hellmonk_slimy_pipes

Skill      XL: |  1  2  3  4 |
---------------+-------------+-----
Maces & Flails | 3 |  3.4
Fighting       | |  3.7
Armour         | |  3.9
Dodging        | |  0.4
Shields        | |  3.7

Action                     |  1- 3 |  4- 6 || total
---------------------------+-------+-------++-------
  Melee: Flail             |   146 |    89 ||   235
 Armour: Scale mail        |    89 |    54 ||   143
  Dodge: Dodged            |    67 |    55 ||   122
  Block: Buckler           |    35 |    22 ||    57

Table legend: (Time is in decaauts)
 A = Elapsed time spent in this place.
 B = Non-inter-level travel time spent in this place.
 C = Inter-level travel time spent in this place.
 D = Time resting spent in this place.
 E = Time spent auto-exploring this place.
 F = Levels seen in this place.
 G = Mean time per level.
                   A        B        C        D        E       F      G
               +--------+--------+--------+--------+--------+-----+--------+
         Total |   1785 |   1761 |     24 |      0 |   1245 |   4 |  446.2 |
       Dungeon |   1494 |   1470 |     24 |      0 |   1112 |   3 |  498.0 |
         Sewer |    290 |    290 |      0 |      0 |    133 |   1 |  290.0 |
               +--------+--------+--------+--------+--------+-----+--------+

Top non-repeatable levels by time:
     D:1: 1074 daAuts
     D:2: 325 daAuts
   Sewer: 290 daAuts
     D:3: 94 daAuts
